 Dungeon Crawl Stone Soup version 0.23-a0-550-g7de1f8e (webtiles) character file.

374 Geeful the Digger (level 6, 0/36 HPs)
             Began as an Octopode Earth Elementalist on Dec 9, 2018.
             Was an Initiate of Nemelex Xobeh.
             Slain by a gnoll
             ... wielding a +0 club
              (3 damage)
             ... on level 5 of the Dungeon.
             The game lasted 00:20:09 (4057 turns).

Geeful the Digger (Octopode Earth Elementalist)     Turns: 4057, Time: 00:20:09

Health: 0/36       AC:  1    Str:  8    XL:     6   Next: 72%
Magic:  11/11      EV: 14    Int: 19    God:    Nemelex Xobeh [......]
Gold:   181        SH:  0    Dex: 12    Spells: 6/12 levels left

rFire    + . .     SeeInvis .   a - +2 mace (protect)
rCold    . . .     Gourm    .   (no shield)
rNeg     . . .     Faith    .   (helmet restricted)
rPois    .         Spirit   .   (no amulet)
rElec    .         Reflect  .   e - ring of stealth
rCorr    .         Harm     .   i - ring of protection from fire
MR       .....                  (no ring)
Stlth    +++++.....             (no ring)
HPRegen  0.12/turn              (no ring)
MPRegen  0.12/turn              (no ring)
                                (no ring)
                                (no ring)

@: no status effects
A: almost no armour, stealthy swim, amphibious, 8 rings, constrict 8, camouflage
1, gelatinous body 1
a: Renounce Religion


You were on level 5 of the Dungeon.
You worshipped Nemelex Xobeh.
Nemelex Xobeh was noncommittal.
You were not hungry.

You visited 2 branches of the dungeon, and saw 6 of its levels.

You collected 181 gold pieces.

Inventory:

Hand Weapons
 a - a +2 mace of protection (weapon)
 b - a +0 blowgun
Missiles
 j - 139 stones (quivered)
 k - 11 poisoned needles
Jewellery
 e - a ring of stealth (left tentacle)
 i - a ring of protection from fire (right tentacle)
Scrolls
 p - a scroll of remove curse
Potions
 d - 2 potions of flight
 f - a potion of mutation
 g - a potion of curing
 l - a potion of agility
 m - a potion of heal wounds
 n - a potion of lignification
Miscellaneous
 h - an ornate deck of escape
Comestibles
 c - 7 rations
 o - 2 chunks of flesh


   Skills:
 + Level 3.8 Dodging
 - Level 4.4 Stealth
 + Level 3.5 Spellcasting
 - Level 1.0 Transmutations
 + Level 4.5 Earth Magic
 + Level 1.9 Invocations


You had 6 spell levels left.
You knew the following spells:

 Your Spells              Type           Power        Failure   Level  Hunger
a - Sandblast             Erth           ###...       2%          1    None
b - Passwall              Tmut/Erth      ##......     7%          2    ##.....
c - Stone Arrow           Conj/Erth      ##....       17%         3    ###....

Your spell library contained the following spells:

 Spells                   Type           Power        Failure   Level  Hunger
 Petrify                  Tmut/Erth      ##......     43%         4    ####...
 Lee's Rapid Deconstruct  Erth           ###.......   54%         5    ######.


Dungeon Overview and Level Annotations

Branches:
Dungeon (5/15)             Temple (1/1) D:4

Altars:
Elyvilon
Fedhas
Gozag
Nemelex Xobeh
Ru
Sif Muna
Uskayaw


Innate Abilities, Weirdness & Mutations

You cannot wear most types of armour.
You are very stealthy in the water. (Stealth+)
You are amphibious.
You can wear up to eight rings at the same time.
You can use your tentacles to constrict eight enemies at once.
Your skin changes colour to match your surroundings (Stealth+).
Your rubbery body absorbs attacks. (AC +1, EV +1)


Message History

You closely miss the gnoll. Your grab misses the gnoll.
The gnoll hits you with a +0 club. The gnoll closely misses you.
You closely miss the gnoll. Your grab misses the gnoll. The gnoll misses you.
You hit the gnoll.
Your weapon exudes an aura of protection.
Your grab misses the gnoll.
The gnoll is moderately wounded.
The gnoll barely misses you.
You completely miss the gnoll. Your grab misses the gnoll.
You squeeze the gnoll, but do no damage.
The gnoll closely misses you. The gnoll hits you with a +0 flail.
The gnoll barely misses you. x2
You barely miss the gnoll. You grab the gnoll. You squeeze the gnoll.
The gnoll is almost dead.
You constrict the gnoll, but do no damage.
The gnoll barely misses you. The gnoll hits you with a +0 flail!
* * * LOW HITPOINT WARNING * * *
The gnoll completely misses you. The gnoll hits you with a +0 club.
You die...
Your body disappears without a glow.

# ############ #.
#<.........# #.#
#.########.#
#.g######.### #.#
#g@.......######.#
......g#g..........<##.#
#####.#######.#.###.##.#
#. #.#.# #.##.# #
#.#.###.##.#
####..........#
#............##
#.####.###...#
#.###...####.#


You could see 4 gnolls.

Vanquished Creatures
  A crimson imp (D:3)
  2 hounds (D:4)
  A jelly (D:5)
  An orc priest (D:4)
  2 worker ants (D:4)
  4 gnolls (D:3)
  4 adders
  2 leopard geckos
  4 orcs
  A ball python (D:2)
  6 giant cockroaches
  7 goblins
  9 hobgoblins
  11 jackals
  7 kobolds
  4 quokkas
  8 bats
  6 frilled lizards
  25 rats
105 creatures vanquished.

Notes
Turn   | Place    | Note
-------+----------+-------------------------------------------
     0 | D:1      | Geeful the Octopode Earth Elementalist began the quest for
                  | the Orb.
     0 | D:1      | Reached XP level 1. HP: 11/11 MP: 3/3
   803 | D:1      | Reached XP level 2. HP: 17/17 MP: 5/5
   807 | D:1      | Learned a level 2 spell: Passwall
  1540 | D:2      | Reached XP level 3. HP: 21/21 MP: 6/6
  1545 | D:2      | Learned a level 3 spell: Stone Arrow
  2127 | D:3      | Reached XP level 4. HP: 27/27 MP: 7/7
  2452 | D:3      | Found a white marble altar of Elyvilon.
  2812 | D:3      | Reached XP level 5. HP: 31/31 MP: 6/9
  3071 | D:4      | Found a staircase to the Ecumenical Temple.
  3085 | Temple   | Entered the Ecumenical Temple
  3093 | Temple   | Became a worshipper of Nemelex Xobeh the Trickster
  3200 | D:4      | Reached skill level 1 in Invocations
  3357 | D:4      | Reached XP level 6. HP: 36/36 MP: 4/10
  3405 | D:4      | Received a gift from Nemelex Xobeh
  3951 | D:5      | Entered Level 5 of the Dungeon
  4057 | D:5      | Slain by a gnoll

Vault maps used:
D:1:      dpeg_arrival_water_fire, hangedman_abyss_or_decor_stabs
D:3:      elyvilon_altar_5
D:4:      minmay_temple_entry_mini_moons, first_ration, kennysheep_nondescript,
          minmay_rat_hole
D:5:      kiku_gazebo_pond_becter, gup_sewer_entry_bowl, minmay_joined_circles
Temple:   nicolae_temple_the_god_donut

Skill      XL: |  1  2  3  4  5 |
---------------+----------------+-----
Stealth        | 3 4 |  4.4
Dodging        | 3 |  3.8
Spellcasting   | 3 |  3.5
Earth Magic    | 4 |  4.5
Invocations    | 1 |  1.9
Transmutations | |  1.0

Action                   |  1- 3 |  4- 6 || total
-------------------------+-------+-------++-------
Melee: Unarmed           |    18 |       ||    18
       Constrict         |    20 |    30 ||    50
       Tentacles         |    11 |    15 ||    26
       Mace              |    47 |   114 ||   161
 Fire: Blowgun           |       |    26 ||    26
 Cast: Sandblast         |    17 |    23 ||    40
  Use: Scroll            |     6 |     8 ||    14
 Stab: Sleeping          |    14 |    11 ||    25
       Distracted        |     1 |       ||     1
  Eat: Chunk             |     4 |     6 ||    10
Armor: Skin              |    17 |    47 ||    64
Dodge: Dodged            |    44 |   112 ||   156

Table legend:
 A = Non-vault XP
 B = Vault XP
 C = Vault XP percentage of total XP
 D = Non-vault monster count
 E = Vault monster count
 F = Vault count percentage of total count
                 A         B        C        D         E       F
            +---------+---------+-------+---------+---------+-------
      Total |     515 |      20 |   3.7 |      86 |      19 |  18.1
            +---------+---------+-------+---------+---------+-------
        D:1 |      27 |       0 |   0.0 |      16 |       0 |   0.0
        D:2 |      52 |       0 |   0.0 |      23 |       0 |   0.0
        D:3 |     147 |       0 |   0.0 |      28 |       0 |   0.0
        D:4 |     249 |      20 |   7.4 |      18 |      19 |  51.4
        D:5 |      40 |       0 |   0.0 |       1 |       0 |   0.0
            +---------+---------+-------+---------+---------+-------
